Bruins vs Blues
(R1)
Created - October 29, 2024 at 20:42
Goals
|
| Bruins |
0 |
0 |
1 |
1 |
| Blues |
1 |
1 |
4 |
6 |
|
Shots
|
| Bruins |
6 |
7 |
9 |
22 |
| Blues |
9 |
12 |
12 |
33 |
|
1st period
1. Blues , Filip Forsberg 6 (Teuvo Teravainen 5, Nathan MacKinnon 5) at 2:07 (PP)
Penalties :
Wojtek Wolski (Bos) for Delaying the game (Minor) at 2:04, Torey Krug (Bos) for Tripping (Minor) at 7:51, Madison Bowey (Bos) for Delaying the game (Minor) at 8:09, Nathan MacKinnon (Stl) for Slashing (Minor) at 13:09, Jordan Kyrou (Stl) for Roughing (Minor) at 16:03, Wojtek Wolski (Bos) for Roughing (Minor) at 16:54
2nd period
2. Blues , Marko Dano 1 (Brandon Montour 1, Josh Morrissey 1) at 4:38
Penalties :
Josh Manson (Bos) for Tripping (Minor) at 7:57, Mark Stone (Bos) for Tripping (Minor) at 19:01
3rd period
3. Blues , Ethan Bear 1 (Filip Forsberg 6, Teuvo Teravainen 6) at 5:11 (PP)
4. Blues , Nathan MacKinnon 6 (Filip Forsberg 7, Seth Jones 8) at 9:00 (PP)
5. Bruins , Zack Kassian 2 (Madison Bowey 2, Jason Demers 3) at 11:54
6. Blues , Nathan MacKinnon 7 (Filip Forsberg 8, Nikolaj Ehlers 4) at 19:32
7. Blues , Teuvo Teravainen 1 (Devin Shore 2) at 19:54
Penalties :
Filip Forsberg (Stl) for Interference (Minor) at 1:57, John Quenneville (Bos) for Interference (Minor) at 5:03, Josh Manson (Bos) for Hooking (Minor) at 6:21, Zack Kassian (Bos) for High sticking (Double Minor) at 7:30
Goalie Stats
Kevin Poulin (Bos), 27 saves from 33 shots - (0.818), L, 1-2-1, 60:00 minutes
Carey Price (Stl), 21 saves from 22 shots - (0.955), W, 4-0-0, 60:00 minutes
Players Stats for Bruins
Player Name G A P +/- PIM S H SB GA TA FO MP PP MP PK MP
------------------------------------------------------------------------------------
Adam Pelech 0 0 0 0 0 0 0 1 0 0 0/0 10:16 0:00 0:00
Alexander Wennberg 0 0 0 -2 0 0 3 0 0 0 5/10 18:36 2:28 3:10
Andreas Athanasiou 0 0 0 0 0 1 4 0 0 0 0/2 13:18 0:00 2:54
Brett Pesce 0 0 0 -1 0 0 2 1 0 0 0/0 6:00 0:00 1:35
Casey Cizikas 0 0 0 0 0 1 1 0 0 0 7/9 10:22 0:10 0:00
Eric Wellwood 0 0 0 0 0 0 1 0 0 1 0/0 12:31 0:10 2:16
Gabriel Landeskog 0 0 0 0 0 5 1 2 2 0 7/17 28:08 2:21 7:15
Jason Demers 0 1 1 -1 0 2 2 3 0 0 0/0 30:19 3:45 6:08
John Quenneville 0 0 0 -1 2 0 1 0 0 0 2/5 6:01 0:00 0:00
Jonathan Toews 0 0 0 1 0 1 1 0 1 0 10/23 17:00 2:11 1:24
Josh Manson 0 0 0 -1 4 0 2 0 0 0 0/0 18:36 1:04 4:12
Madison Bowey 0 1 1 0 2 3 1 0 1 1 0/0 25:42 3:45 5:18
Mark Stone 0 0 0 -2 2 0 0 1 0 0 1/2 14:47 2:28 0:00
Mattias Ekholm 0 0 0 0 0 0 0 2 0 1 0/0 12:30 0:00 1:59
Torey Krug 0 0 0 -1 2 4 1 0 1 0 0/0 17:47 1:04 4:38
Wojtek Wolski 0 0 0 -2 4 0 0 0 0 1 0/0 14:21 2:27 0:00
Zack Kassian 1 0 1 1 4 5 1 1 0 0 2/2 22:03 2:11 4:18
Zemgus Girgensons 0 0 0 -1 0 0 2 0 0 0 0/0 6:00 0:00 0:00
Players Stats for Blues
Player Name G A P +/- PIM S H SB GA TA FO MP PP MP PK MP
------------------------------------------------------------------------------------
Adam Henrique 0 0 0 0 0 0 0 0 0 0 1/9 13:39 5:13 0:30
Brandon Montour 0 1 1 0 0 1 1 2 0 0 0/0 18:23 0:00 3:05
Cody Ceci 0 0 0 1 0 0 2 0 0 1 0/0 22:31 0:15 3:05
David Perron 0 0 0 0 0 4 0 0 1 0 0/0 10:35 1:03 0:37
Devin Shore 0 1 1 2 0 0 2 0 1 0 8/15 15:46 0:00 1:06
Dominik Simon 0 0 0 -1 0 1 0 0 0 0 0/0 5:38 0:17 0:00
Drew Shore 0 0 0 -1 0 0 1 0 0 0 4/7 8:27 0:00 3:06
Ethan Bear 1 0 1 1 0 4 1 0 0 0 0/0 17:24 8:21 0:00
Filip Forsberg 1 3 4 1 2 4 2 0 0 0 2/2 22:20 6:25 0:07
Jordan Kyrou 0 0 0 -1 2 1 0 0 0 0 0/0 5:31 0:02 0:00
Josh Morrissey 0 1 1 0 0 0 0 0 0 1 0/0 20:24 3:34 1:44
Marko Dano 1 0 1 2 0 5 4 0 0 1 0/0 18:04 4:56 0:00
Nathan MacKinnon 2 1 3 1 2 6 2 1 0 0 18/33 21:42 6:18 0:00
Nick Schmaltz 0 0 0 0 0 0 2 2 0 1 1/1 11:35 0:17 3:06
Nikolaj Ehlers 0 1 1 1 0 4 1 0 1 0 1/1 19:15 5:13 0:00
Seth Jones 0 1 1 1 0 0 2 1 1 1 0/0 27:26 8:21 1:44
Teuvo Teravainen 1 2 3 2 0 3 1 0 0 0 1/2 21:28 6:01 1:06
Travis Sanheim 0 0 0 1 0 0 0 0 0 0 0/0 13:52 3:19 0:00
3 Stars
1 - Nathan MacKinnon (Stl)
2 - Teuvo Teravainen (Stl)
3 - Filip Forsberg (Stl)
Power Play
Bruins - 0 on 3 Attempt(s) - 0.00%
Blues - 3 on 10 Attempt(s) - 30.00%
Penalty Kill
Bruins - 7 on 10 Attempt(s) - 70.00%
- Score 0 goal in Penalty Kill
Blues - 3 on 3 Attempt(s) - 100.00%
- Score 0 goal in Penalty Kill
Team Stat
Bruins - Hits : 23 - Faceoff Wins : 34 - Blocked Shots : 11 - Penalty Minutes : 20
Blues - Hits : 21 - Faceoff Wins : 36 - Blocked Shots : 6 - Penalty Minutes : 6
Official
Referees : Francis Charron and Reid Anderson
Linesman : Brad Kovachik and Brian Mach
Game Notes
No Game Note
Finance
Level 1 -- Attendance: 5961 (99.35%) -- Ticket Income $596,100
Level 2 -- Attendance: 4446 (88.92%) -- Ticket Income $311,220
Level 3 -- Attendance: 2000 (100.00%) -- Ticket Income $80,000
Level 4 -- Attendance: 3934 (98.35%) -- Ticket Income $118,020
Luxury Box -- Attendance: 963 (96.30%) -- Ticket Income $192,600
Game was played at the Enterprise Center.
Total Attendance: 17304 (96.13%)
Total Ticket Income: $1,297,940
Other Income: $194,691
Total Income: $1,492,631
Bruins
5 vs 5 Forward
Center Left Wing Right Wing Time % Phy DF OF
1 Jonathan Toews Gabriel Landeskog Zack Kassian 40 1 2 2
2 Alexander Wennberg Wojtek Wolski Mark Stone 30 1 2 2
3 Casey Cizikas Eric Wellwood Andreas Athanasiou 20 1 2 2
4 John Quenneville Zemgus Girgensons Gabriel Landeskog 10 1 2 2
5 vs 5 Defense
Defense Defense Time % Phy DF OF
1 Jason Demers Madison Bowey 40 1 2 2
2 Torey Krug Josh Manson 30 1 2 2
3 Adam Pelech Mattias Ekholm 20 1 2 2
4 Brett Pesce Jason Demers 10 1 2 2
PowerPlay Forward
Center Left Wing Right Wing Time % Phy DF OF
1 Jonathan Toews Gabriel Landeskog Zack Kassian 60 1 2 2
2 Alexander Wennberg Wojtek Wolski Mark Stone 40 1 2 2
PowerPlay Defense
Defense Defense Time % Phy DF OF
1 Jason Demers Madison Bowey 60 1 2 2
2 Torey Krug Josh Manson 40 1 2 2
Penalty Kill 4 Players Forward
Center Wing Time % Phy DF OF
1 Gabriel Landeskog Zack Kassian 60 1 2 2
2 Jonathan Toews Alexander Wennberg 40 1 2 2
Penalty Kill 4 Players Defense
Defense Defense Time % Phy DF OF
1 Jason Demers Madison Bowey 60 1 2 2
2 Torey Krug Josh Manson 40 1 2 2
Penalty Kill - 3 Players Forward
Forward Time % Phy DF OF
1 Gabriel Landeskog 60 1 2 2
2 Zack Kassian 40 1 2 2
Penalty Kill - 3 Players Defense
Defense Defense Time % Phy DF OF
1 Jason Demers Madison Bowey 60 1 2 2
2 Torey Krug Josh Manson 40 1 2 2
4 vs 4 Forward
Center Wing Time % Phy DF OF
1 Gabriel Landeskog Zack Kassian 60 1 2 2
2 Jonathan Toews Alexander Wennberg 40 1 2 2
4 vs 4 Defense
Defense Defense Time % Phy DF OF
1 Jason Demers Madison Bowey 60 1 2 2
2 Torey Krug Josh Manson 40 1 2 2
Last Minutes Offensive
Center Left Wing Right Wing Defense Defense
Jonathan Toews Gabriel Landeskog Zack Kassian Jason Demers Madison Bowey
Last Minutes Defensive
Center Left Wing Right Wing Defense Defense
Jonathan Toews Gabriel Landeskog Zack Kassian Jason Demers Madison Bowey
Goaltenders
Starting : Kevin Poulin
Backup : Tuukka Rask
Extra Forwards
Normal : Eric Wellwood, Casey Cizikas, Andreas Athanasiou - PP : Eric Wellwood, Casey Cizikas - PK : Andreas Athanasiou
Extra Defensemen
Normal : Adam Pelech, Mattias Ekholm, Brett Pesce - PP : Adam Pelech - PK : Mattias Ekholm, Brett Pesce
Penalty Shots
Gabriel Landeskog, Zack Kassian, Jonathan Toews, Alexander Wennberg, Wojtek Wolski
Custom OT Lines Forwards
Gabriel Landeskog, Zack Kassian, Jonathan Toews, Alexander Wennberg, Wojtek Wolski, Mark Stone, Eric Wellwood, Casey Cizikas, Andreas Athanasiou, Zemgus Girgensons
Custom OT Lines Defensemen
Jason Demers, Madison Bowey, Torey Krug, Josh Manson, Adam Pelech
Scratches
Craig Smith (Sprained Right Finger Injury), Walker Duehr (Healthy)
Blues
5 vs 5 Forward
Center Left Wing Right Wing Time % Phy DF OF
1 Nathan MacKinnon Filip Forsberg Nikolaj Ehlers 40 0 2 3
2 Devin Shore Marko Dano Teuvo Teravainen 30 0 2 3
3 Adam Henrique David Perron Nick Schmaltz 20 1 2 2
4 Drew Shore Dominik Simon Jordan Kyrou 10 0 3 2
5 vs 5 Defense
Defense Defense Time % Phy DF OF
1 Seth Jones Cody Ceci 40 1 2 2
2 Josh Morrissey Brandon Montour 30 1 2 2
3 Ethan Bear Travis Sanheim 20 1 2 2
4 Josh Morrissey Cody Ceci 10 1 2 2
PowerPlay Forward
Center Left Wing Right Wing Time % Phy DF OF
1 Nathan MacKinnon Filip Forsberg Teuvo Teravainen 60 0 2 3
2 Adam Henrique Marko Dano Nikolaj Ehlers 40 0 2 3
PowerPlay Defense
Defense Defense Time % Phy DF OF
1 Seth Jones Ethan Bear 60 0 2 3
2 Josh Morrissey Travis Sanheim 40 0 2 3
Penalty Kill 4 Players Forward
Center Wing Time % Phy DF OF
1 Drew Shore Nick Schmaltz 60 1 3 1
2 Devin Shore Teuvo Teravainen 40 1 3 1
Penalty Kill 4 Players Defense
Defense Defense Time % Phy DF OF
1 Brandon Montour Cody Ceci 60 1 2 2
2 Josh Morrissey Seth Jones 40 1 2 2
Penalty Kill - 3 Players Forward
Forward Time % Phy DF OF
1 Drew Shore 60 1 2 2
2 Devin Shore 40 1 2 2
Penalty Kill - 3 Players Defense
Defense Defense Time % Phy DF OF
1 Cody Ceci Brandon Montour 60 1 2 2
2 Seth Jones Josh Morrissey 40 1 2 2
4 vs 4 Forward
Center Wing Time % Phy DF OF
1 Nathan MacKinnon Filip Forsberg 60 1 2 2
2 Devin Shore Nikolaj Ehlers 40 1 2 2
4 vs 4 Defense
Defense Defense Time % Phy DF OF
1 Seth Jones Brandon Montour 60 1 2 2
2 Cody Ceci Josh Morrissey 40 1 2 2
Last Minutes Offensive
Center Left Wing Right Wing Defense Defense
Nathan MacKinnon Filip Forsberg Nikolaj Ehlers Seth Jones Travis Sanheim
Last Minutes Defensive
Center Left Wing Right Wing Defense Defense
Drew Shore Marko Dano Teuvo Teravainen Brandon Montour Cody Ceci
Goaltenders
Starting : Carey Price
Backup : Jake Oettinger
Extra Forwards
Normal : Jordan Kyrou, Nikolaj Ehlers, Drew Shore - PP : David Perron, Teuvo Teravainen - PK : Filip Forsberg
Extra Defensemen
Normal : Cody Ceci, Travis Sanheim, Seth Jones - PP : Cody Ceci - PK : Seth Jones, Travis Sanheim
Penalty Shots
Jordan Kyrou, David Perron, Marko Dano, Filip Forsberg, Teuvo Teravainen
Custom OT Lines Forwards
Filip Forsberg, Nathan MacKinnon, Teuvo Teravainen, Nikolaj Ehlers, David Perron, Devin Shore, Adam Henrique, Marko Dano, Drew Shore, Nick Schmaltz
Custom OT Lines Defensemen
Seth Jones, Josh Morrissey, Brandon Montour, Travis Sanheim, Cody Ceci
Scratches
Petter Granberg (Healthy), Luke Glendening (Healthy)
% Time on Ice - Bruins
Lines # - Real PCT - Wanted PCT - Time Play
Normal Forward
1 - 35% - 40% - 14:43
2 - 28% - 30% - 11:55
3 - 23% - 20% - 9:30
4 - 14% - 10% - 6:00
Normal Defense
1 - 39% - 40% - 16:18
2 - 28% - 30% - 11:40
3 - 24% - 20% - 10:06
4 - 10% - 10% - 4:04
PP Forward
1 - 49% - 60% - 2:21
2 - 51% - 40% - 2:28
PP Defense
1 - 78% - 60% - 3:45
2 - 22% - 40% - 1:04
PK Forward
1 - 81% - 60% - 7:36
2 - 19% - 40% - 1:48
PK Defense
1 - 51% - 60% - 4:47
2 - 49% - 40% - 4:37
PK3 Forward
1 - 87% - 60% - 2:12
2 - 13% - 40% - 0:19
PK3 Defense
1 - 54% - 60% - 1:21
2 - 46% - 40% - 1:10
44 Forward
1 - 69% - 60% - 0:47
2 - 31% - 40% - 0:21
44 Defense
1 - 62% - 60% - 0:42
2 - 38% - 40% - 0:26
Last Minute Offensive - 0:00
Last Minute Defensive - 0:00
Total
Forward - 60:00
Defense - 60:00
|
% Time on Ice - Blues
Lines # - Real PCT - Wanted PCT - Time Play
Normal Forward
1 - 36% - 40% - 15:08
2 - 32% - 30% - 13:27
3 - 19% - 20% - 8:12
4 - 13% - 10% - 5:21
Normal Defense
1 - 45% - 40% - 18:48
2 - 33% - 30% - 13:55
3 - 20% - 20% - 8:15
4 - 3% - 10% - 1:10
PP Forward
1 - 56% - 60% - 6:42
2 - 44% - 40% - 5:13
PP Defense
1 - 70% - 60% - 8:21
2 - 30% - 40% - 3:34
PK Forward
1 - 77% - 60% - 3:43
2 - 23% - 40% - 1:06
PK Defense
1 - 64% - 60% - 3:05
2 - 36% - 40% - 1:44
PK3 Forward
1 - 0% - 60%
2 - 0% - 40%
PK3 Defense
1 - 0% - 60%
2 - 0% - 40%
44 Forward
1 - 60% - 60% - 0:41
2 - 40% - 40% - 0:27
44 Defense
1 - 99% - 60% - 1:07
2 - 1% - 40% - 0:01
Last Minute Offensive - 0:00
Last Minute Defensive - 0:00
Total
Forward - 60:00
Defense - 60:00
|
Play-by-Play
1st period
0:01 of 1st period - Nathan MacKinnon wins face-off versus Jonathan Toews in neutral zone.
0:33 of 1st period - Snap shot by Mark Stone.
0:33 of 1st period - Shot Misses the Net.
0:35 of 1st period - Snap shot by Mark Stone.
0:35 of 1st period - Shot Blocked by Seth Jones.
0:37 of 1st period - Slapshot by Madison Bowey.
0:37 of 1st period - Stopped by Carey Price without a rebound.
0:38 of 1st period - Casey Cizikas wins face-off versus Adam Henrique in Blues zone.
0:45 of 1st period - Snap shot by Andreas Athanasiou.
0:45 of 1st period - Stopped by Carey Price without a rebound.
0:46 of 1st period - Casey Cizikas wins face-off versus Adam Henrique in Blues zone.
0:47 of 1st period - Slapshot by Andreas Athanasiou.
0:47 of 1st period - Shot Blocked by Brandon Montour.
0:50 of 1st period - Icing by Brandon Montour.
0:51 of 1st period - John Quenneville wins face-off versus Adam Henrique in Blues zone.
0:58 of 1st period - Slapshot by Josh Morrissey.
0:58 of 1st period - Deflect By David Perron.
0:58 of 1st period - Stopped by Kevin Poulin without a rebound.
0:59 of 1st period - Drew Shore wins face-off versus John Quenneville in Bruins zone.
1:02 of 1st period - Slapshot by Dominik Simon.
1:02 of 1st period - Stopped by Kevin Poulin with a rebound.
1:04 of 1st period - Slapshot by Drew Shore.
1:04 of 1st period - Shot Hit the Post.
1:06 of 1st period - Slapshot by Travis Sanheim.
1:06 of 1st period - Shot Misses the Net.
2:04 of 1st period - Minor Penalty to Wojtek Wolski for Delaying the game.
2:05 of 1st period - Nathan MacKinnon wins face-off versus Gabriel Landeskog in Bruins zone.
2:07 of 1st period - Snap shot by Filip Forsberg.
2:07 of 1st period - Goal by Filip Forsberg - Bruins : 0 - Blues : 1.
2:08 of 1st period - Jonathan Toews wins face-off versus Nathan MacKinnon in neutral zone.
2:35 of 1st period - Brandon Montour is hit by Josh Manson and loses puck.
2:41 of 1st period - Icing by Josh Morrissey.
2:42 of 1st period - Nathan MacKinnon wins face-off versus Alexander Wennberg in Blues zone.
2:49 of 1st period - Mark Stone is hit by Filip Forsberg and loses puck.
3:32 of 1st period - Madison Bowey is hit by Nathan MacKinnon and loses puck.
4:40 of 1st period - Slapshot by Alexander Wennberg.
4:40 of 1st period - Shot Misses the Net.
4:48 of 1st period - Jason Demers is hit by Nikolaj Ehlers and loses puck.
4:54 of 1st period - Off-side.
4:55 of 1st period - Jonathan Toews wins face-off versus Devin Shore in neutral zone.
5:49 of 1st period - Josh Manson is hit by Drew Shore and loses puck.
6:14 of 1st period - Snap shot by Teuvo Teravainen.
6:14 of 1st period - Shot Misses the Net.
6:18 of 1st period - Slapshot by Devin Shore.
6:18 of 1st period - Shot Blocked by Adam Pelech.
6:38 of 1st period - Cody Ceci is hit by Zemgus Girgensons and loses puck.
7:08 of 1st period - Icing by Cody Ceci.
7:09 of 1st period - Nick Schmaltz wins face-off versus Casey Cizikas in Blues zone.
7:47 of 1st period - Snap shot by David Perron.
7:47 of 1st period - Deflect By Adam Henrique.
7:47 of 1st period - Shot Blocked by Brett Pesce.
7:47 of 1st period - Puck is out of play.
7:48 of 1st period - Jonathan Toews wins face-off versus Adam Henrique in Bruins zone.
7:48 of 1st period - Jonathan Toews is hit by Cody Ceci.
7:51 of 1st period - Minor Penalty to Torey Krug for Tripping.
7:52 of 1st period - Gabriel Landeskog wins face-off versus Nathan MacKinnon in Bruins zone.
8:09 of 1st period - Minor Penalty to Madison Bowey for Delaying the game.
8:10 of 1st period - Gabriel Landeskog wins face-off versus Nathan MacKinnon in Bruins zone.
9:12 of 1st period - Slapshot by Marko Dano.
9:12 of 1st period - Stopped by Kevin Poulin with a rebound.
9:40 of 1st period - Wrist shot by Marko Dano.
9:40 of 1st period - Shot Misses the Net.
9:44 of 1st period - Wrist shot by Adam Henrique.
9:44 of 1st period - Shot Misses the Net.
9:46 of 1st period - Snap shot by Seth Jones.
9:46 of 1st period - Shot Blocked by Gabriel Landeskog.
9:48 of 1st period - Slapshot by Ethan Bear.
9:48 of 1st period - Stopped by Kevin Poulin without a rebound.
9:49 of 1st period - Zack Kassian wins face-off versus Nathan MacKinnon in Bruins zone.
9:51 of 1st period - Penalty to Torey Krug is over, Torey Krug is back on ice.
10:09 of 1st period - Penalty to Madison Bowey is over, Madison Bowey is back on ice.
10:51 of 1st period - Snap shot by Devin Shore.
10:51 of 1st period - Shot Misses the Net.
11:25 of 1st period - Snap shot by Jordan Kyrou.
11:25 of 1st period - Shot Misses the Net.
11:27 of 1st period - Slapshot by Brandon Montour.
11:27 of 1st period - Stopped by Kevin Poulin without a rebound.
11:28 of 1st period - Devin Shore wins face-off versus Mark Stone in Bruins zone.
11:31 of 1st period - Snap shot by David Perron.
11:31 of 1st period - Stopped by Kevin Poulin without a rebound.
11:32 of 1st period - Alexander Wennberg wins face-off versus Nathan MacKinnon in Bruins zone.
12:03 of 1st period - Slapshot by Gabriel Landeskog.
12:03 of 1st period - Stopped by Carey Price with a rebound.
12:34 of 1st period - Icing by Andreas Athanasiou.
12:35 of 1st period - Devin Shore wins face-off versus Andreas Athanasiou in Bruins zone.
12:42 of 1st period - Travis Sanheim is hit by Jason Demers and loses puck.
12:49 of 1st period - Snap shot by Devin Shore.
12:49 of 1st period - Shot Misses the Net.
12:51 of 1st period - Snap shot by Travis Sanheim.
12:51 of 1st period - Shot Misses the Net.
13:07 of 1st period - Wrist shot by Gabriel Landeskog.
13:07 of 1st period - Shot Blocked by Nathan MacKinnon.
13:09 of 1st period - Minor Penalty to Nathan MacKinnon for Slashing.
13:10 of 1st period - Jonathan Toews wins face-off versus Drew Shore in Blues zone.
13:13 of 1st period - Wrist shot by Zack Kassian.
13:13 of 1st period - Shot Misses the Net.
13:15 of 1st period - Slapshot by Jason Demers.
13:15 of 1st period - Shot Blocked by Nick Schmaltz.
13:17 of 1st period - Snap shot by Gabriel Landeskog.
13:17 of 1st period - Stopped by Carey Price without a rebound.
13:18 of 1st period - Jonathan Toews wins face-off versus Drew Shore in Blues zone.
13:53 of 1st period - Snap shot by Jonathan Toews.
13:53 of 1st period - Shot Blocked by Nick Schmaltz.
13:55 of 1st period - Slapshot by Jason Demers.
13:55 of 1st period - Stopped by Carey Price without a rebound.
13:56 of 1st period - Mark Stone wins face-off versus Drew Shore in Blues zone.
15:09 of 1st period - Penalty to Nathan MacKinnon is over, Nathan MacKinnon is back on ice.
16:03 of 1st period - Minor Penalty to Jordan Kyrou for Roughing.
16:04 of 1st period - Drew Shore wins face-off versus Alexander Wennberg in Blues zone.
16:12 of 1st period - Slapshot by Jason Demers.
16:12 of 1st period - Stopped by Carey Price without a rebound.
16:13 of 1st period - Drew Shore wins face-off versus Alexander Wennberg in Blues zone.
16:54 of 1st period - Minor Penalty to Wojtek Wolski for Roughing.
16:55 of 1st period - Gabriel Landeskog wins face-off versus Nathan MacKinnon in Bruins zone.
17:22 of 1st period - Nathan MacKinnon is hit by Jason Demers and loses puck.
17:41 of 1st period - Snap shot by Nikolaj Ehlers.
17:41 of 1st period - Stopped by Kevin Poulin with a rebound.
17:51 of 1st period - Brandon Montour is hit by Jonathan Toews and loses puck.
18:03 of 1st period - Penalty to Jordan Kyrou is over, Jordan Kyrou is back on ice.
18:54 of 1st period - Penalty to Wojtek Wolski is over, Wojtek Wolski is back on ice.
19:18 of 1st period - Wrist shot by David Perron.
19:18 of 1st period - Stopped by Kevin Poulin without a rebound.
19:19 of 1st period - Devin Shore wins face-off versus Jonathan Toews in Bruins zone.
19:36 of 1st period - Snap shot by Teuvo Teravainen.
19:36 of 1st period - Shot Misses the Net.
Goals for this period are 0 for Bruins vs 1 for Blues.
Shots for this period are 6 for Bruins vs 9 for Blues.
2nd period
0:01 of 2nd period - Nathan MacKinnon wins face-off versus Jonathan Toews in neutral zone.
0:27 of 2nd period - Gabriel Landeskog is hit by Cody Ceci and loses puck.
1:00 of 2nd period - Jonathan Toews is hit by Marko Dano and loses puck.
1:23 of 2nd period - Icing by Nikolaj Ehlers.
1:24 of 2nd period - Nikolaj Ehlers wins face-off versus Alexander Wennberg in Blues zone.
1:51 of 2nd period - Wrist shot by Nathan MacKinnon.
1:51 of 2nd period - Shot Misses the Net.
2:23 of 2nd period - Ethan Bear is hit by Andreas Athanasiou and loses puck.
2:54 of 2nd period - Wrist shot by Jordan Kyrou.
2:54 of 2nd period - Shot Misses the Net.
2:56 of 2nd period - Snap shot by Jordan Kyrou.
2:56 of 2nd period - Stopped by Kevin Poulin without a rebound.
2:57 of 2nd period - Alexander Wennberg wins face-off versus Devin Shore in Bruins zone.
3:13 of 2nd period - Snap shot by Marko Dano.
3:13 of 2nd period - Stopped by Kevin Poulin without a rebound.
3:14 of 2nd period - Jonathan Toews wins face-off versus Nathan MacKinnon in Bruins zone.
3:27 of 2nd period - Snap shot by Nathan MacKinnon.
3:27 of 2nd period - Stopped by Kevin Poulin without a rebound.
3:28 of 2nd period - Zack Kassian wins face-off versus Nathan MacKinnon in Bruins zone.
4:38 of 2nd period - Wrist shot by Marko Dano.
4:38 of 2nd period - Goal by Marko Dano - Bruins : 0 - Blues : 2.
4:39 of 2nd period - Jonathan Toews wins face-off versus Nathan MacKinnon in neutral zone.
4:44 of 2nd period - Nikolaj Ehlers is hit by Torey Krug and loses puck.
4:51 of 2nd period - Wrist shot by Zack Kassian.
4:51 of 2nd period - Stopped by Carey Price without a rebound.
4:52 of 2nd period - Nathan MacKinnon wins face-off versus Jonathan Toews in Blues zone.
5:19 of 2nd period - Madison Bowey is hit by Devin Shore and loses puck.
5:27 of 2nd period - Icing by Jason Demers.
5:28 of 2nd period - Alexander Wennberg wins face-off versus Devin Shore in Bruins zone.
5:32 of 2nd period - Off-side.
5:33 of 2nd period - Jonathan Toews wins face-off versus Devin Shore in neutral zone.
6:02 of 2nd period - Wrist shot by Filip Forsberg.
6:02 of 2nd period - Shot Misses the Net.
6:10 of 2nd period - Slapshot by Torey Krug.
6:10 of 2nd period - Deflect By Nikolaj Ehlers.
6:10 of 2nd period - Stopped by Carey Price with a rebound.
6:12 of 2nd period - Slapshot by Torey Krug.
6:12 of 2nd period - Deflect By Nikolaj Ehlers.
6:12 of 2nd period - Stopped by Carey Price without a rebound.
6:13 of 2nd period - Devin Shore wins face-off versus Jonathan Toews in Blues zone.
6:37 of 2nd period - Icing by Gabriel Landeskog.
6:38 of 2nd period - Nathan MacKinnon wins face-off versus Jonathan Toews in Bruins zone.
6:39 of 2nd period - Snap shot by Nikolaj Ehlers.
6:39 of 2nd period - Shot Blocked by Gabriel Landeskog.
6:41 of 2nd period - Slapshot by Nathan MacKinnon.
6:41 of 2nd period - Stopped by Kevin Poulin with a rebound.
7:25 of 2nd period - Devin Shore is hit by Casey Cizikas and loses puck.
7:57 of 2nd period - Minor Penalty to Josh Manson for Tripping.
7:58 of 2nd period - Gabriel Landeskog wins face-off versus Nathan MacKinnon in Bruins zone.
8:55 of 2nd period - Marko Dano is hit by Andreas Athanasiou and loses puck.
9:20 of 2nd period - Torey Krug is hit by Filip Forsberg and loses puck.
9:57 of 2nd period - Penalty to Josh Manson is over, Josh Manson is back on ice.
10:08 of 2nd period - Snap shot by Alexander Wennberg.
10:08 of 2nd period - Shot Misses the Net.
12:48 of 2nd period - Wojtek Wolski is hit by Marko Dano and loses puck.
13:01 of 2nd period - Josh Morrissey is hit by Brett Pesce and loses puck.
13:11 of 2nd period - Icing by Jonathan Toews.
13:12 of 2nd period - Casey Cizikas wins face-off versus Adam Henrique in Bruins zone.
13:40 of 2nd period - Josh Manson is hit by Nathan MacKinnon and loses puck.
13:49 of 2nd period - Snap shot by Filip Forsberg.
13:49 of 2nd period - Shot Blocked by Mark Stone.
13:51 of 2nd period - Wrist shot by Nathan MacKinnon.
13:51 of 2nd period - Shot Misses the Net.
13:53 of 2nd period - Slapshot by Ethan Bear.
13:53 of 2nd period - Stopped by Kevin Poulin without a rebound.
13:54 of 2nd period - Casey Cizikas wins face-off versus Devin Shore in Bruins zone.
14:34 of 2nd period - Wrist shot by Zack Kassian.
14:34 of 2nd period - Shot Misses the Net.
14:48 of 2nd period - Mark Stone is hit by Nick Schmaltz and loses puck.
14:55 of 2nd period - Snap shot by David Perron.
14:55 of 2nd period - Shot Blocked by Mattias Ekholm.
14:57 of 2nd period - Wrist shot by David Perron.
14:57 of 2nd period - Stopped by Kevin Poulin without a rebound.
14:58 of 2nd period - Casey Cizikas wins face-off versus Devin Shore in Bruins zone.
15:05 of 2nd period - Slapshot by Torey Krug.
15:05 of 2nd period - Stopped by Carey Price without a rebound.
15:06 of 2nd period - Devin Shore wins face-off versus Casey Cizikas in Blues zone.
15:23 of 2nd period - Wrist shot by Devin Shore.
15:23 of 2nd period - Deflect By Marko Dano.
15:23 of 2nd period - Stopped by Kevin Poulin without a rebound.
15:24 of 2nd period - Nathan MacKinnon wins face-off versus Jonathan Toews in Bruins zone.
15:25 of 2nd period - Snap shot by Filip Forsberg.
15:25 of 2nd period - Stopped by Kevin Poulin with a rebound.
15:37 of 2nd period - Snap shot by Gabriel Landeskog.
15:37 of 2nd period - Shot Misses the Net.
15:39 of 2nd period - Wrist shot by Zack Kassian.
15:39 of 2nd period - Stopped by Carey Price with a rebound.
15:41 of 2nd period - Snap shot by Zack Kassian.
15:41 of 2nd period - Stopped by Carey Price with a rebound.
15:51 of 2nd period - Madison Bowey is hit by Marko Dano and loses puck.
15:58 of 2nd period - Slapshot by Jason Demers.
15:58 of 2nd period - Deflect By Mark Stone.
15:58 of 2nd period - Shot Misses the Net.
15:58 of 2nd period - Puck is out of play.
15:59 of 2nd period - Jonathan Toews wins face-off versus Devin Shore in Blues zone.
16:00 of 2nd period - Wrist shot by Gabriel Landeskog.
16:00 of 2nd period - Stopped by Carey Price with a rebound.
16:16 of 2nd period - Slapshot by Josh Morrissey.
16:16 of 2nd period - Deflect By Marko Dano.
16:16 of 2nd period - Stopped by Kevin Poulin with a rebound.
16:27 of 2nd period - Off-side.
16:28 of 2nd period - Casey Cizikas wins face-off versus Nathan MacKinnon in neutral zone.
16:39 of 2nd period - Snap shot by Filip Forsberg.
16:39 of 2nd period - Shot Blocked by Jason Demers.
16:41 of 2nd period - Snap shot by Filip Forsberg.
16:41 of 2nd period - Shot Misses the Net.
16:43 of 2nd period - Wrist shot by Filip Forsberg.
16:43 of 2nd period - Stopped by Kevin Poulin without a rebound.
16:44 of 2nd period - Devin Shore wins face-off versus Jonathan Toews in Bruins zone.
16:49 of 2nd period - Wrist shot by Teuvo Teravainen.
16:49 of 2nd period - Shot Blocked by Zack Kassian.
16:51 of 2nd period - Slapshot by Teuvo Teravainen.
16:51 of 2nd period - Stopped by Kevin Poulin without a rebound.
16:52 of 2nd period - Devin Shore wins face-off versus Jonathan Toews in Bruins zone.
17:27 of 2nd period - Backhand shot by Zack Kassian.
17:27 of 2nd period - Shot Misses the Net.
17:33 of 2nd period - Devin Shore is hit by Madison Bowey and loses puck.
17:40 of 2nd period - Jonathan Toews is hit by Devin Shore and loses puck.
18:46 of 2nd period - Off-side.
18:47 of 2nd period - Alexander Wennberg wins face-off versus Nathan MacKinnon in neutral zone.
19:01 of 2nd period - Minor Penalty to Mark Stone for Tripping.
19:02 of 2nd period - Nathan MacKinnon wins face-off versus Andreas Athanasiou in Bruins zone.
19:31 of 2nd period - Off-side.
19:32 of 2nd period - Alexander Wennberg wins face-off versus Adam Henrique in neutral zone.
19:35 of 2nd period - Adam Henrique is hit by Alexander Wennberg and loses puck.
19:40 of 2nd period - Snap shot by Alexander Wennberg.
19:40 of 2nd period - Deflect By Eric Wellwood.
19:40 of 2nd period - Shot Misses the Net.
19:40 of 2nd period - Puck is out of play.
19:41 of 2nd period - Teuvo Teravainen wins face-off versus Gabriel Landeskog in Blues zone.
19:46 of 2nd period - Torey Krug is hit by Seth Jones.
19:50 of 2nd period - Filip Forsberg is hit by Zack Kassian and loses puck.
Goals for this period are 0 for Bruins vs 1 for Blues.
Shots for this period are 7 for Bruins vs 12 for Blues.
3rd period
0:01 of 3rd period - Nathan MacKinnon wins face-off versus Gabriel Landeskog in neutral zone.
0:57 of 3rd period - Snap shot by Nikolaj Ehlers.
0:57 of 3rd period - Shot Misses the Net.
0:59 of 3rd period - Wrist shot by Nikolaj Ehlers.
0:59 of 3rd period - Stopped by Kevin Poulin without a rebound.
1:00 of 3rd period - Filip Forsberg wins face-off versus Gabriel Landeskog in Bruins zone.
1:01 of 3rd period - Penalty to Mark Stone is over, Mark Stone is back on ice.
1:19 of 3rd period - Snap shot by Gabriel Landeskog.
1:19 of 3rd period - Shot Misses the Net.
1:21 of 3rd period - Wrist shot by Gabriel Landeskog.
1:21 of 3rd period - Stopped by Carey Price with a rebound.
1:23 of 3rd period - Snap shot by Zack Kassian.
1:23 of 3rd period - Stopped by Carey Price with a rebound.
1:25 of 3rd period - Slapshot by Madison Bowey.
1:25 of 3rd period - Stopped by Carey Price without a rebound.
1:26 of 3rd period - Casey Cizikas wins face-off versus Adam Henrique in Blues zone.
1:27 of 3rd period - Slapshot by Andreas Athanasiou.
1:27 of 3rd period - Deflect By Casey Cizikas.
1:27 of 3rd period - Deflect By Adam Henrique.
1:27 of 3rd period - Stopped by Carey Price with a rebound.
1:57 of 3rd period - Minor Penalty to Filip Forsberg for Interference.
1:58 of 3rd period - Drew Shore wins face-off versus Jonathan Toews in Blues zone.
2:25 of 3rd period - Cody Ceci is hit by Alexander Wennberg.
3:57 of 3rd period - Penalty to Filip Forsberg is over, Filip Forsberg is back on ice.
4:07 of 3rd period - Snap shot by Andreas Athanasiou.
4:07 of 3rd period - Shot Misses the Net.
4:21 of 3rd period - David Perron is hit by Zemgus Girgensons and loses puck.
4:43 of 3rd period - Icing by Marko Dano.
4:44 of 3rd period - Nathan MacKinnon wins face-off versus John Quenneville in Blues zone.
4:49 of 3rd period - Snap shot by Filip Forsberg.
4:49 of 3rd period - Stopped by Kevin Poulin with a rebound.
4:51 of 3rd period - Slapshot by Cody Ceci.
4:51 of 3rd period - Deflect By Nathan MacKinnon.
4:51 of 3rd period - Stopped by Kevin Poulin with a rebound.
5:03 of 3rd period - Minor Penalty to John Quenneville for Interference.
5:04 of 3rd period - Nathan MacKinnon wins face-off versus Gabriel Landeskog in Bruins zone.
5:05 of 3rd period - Slapshot by Seth Jones.
5:05 of 3rd period - Shot Blocked by Jason Demers.
5:07 of 3rd period - Wrist shot by Teuvo Teravainen.
5:07 of 3rd period - Stopped by Kevin Poulin with a rebound.
5:09 of 3rd period - Wrist shot by Filip Forsberg.
5:09 of 3rd period - Shot Blocked by Jason Demers.
5:11 of 3rd period - Snap shot by Ethan Bear.
5:11 of 3rd period - Deflect By Jason Demers.
5:11 of 3rd period - Goal by Ethan Bear - Bruins : 0 - Blues : 3.
5:12 of 3rd period - Nathan MacKinnon wins face-off versus Jonathan Toews in neutral zone.
5:50 of 3rd period - Wojtek Wolski is hit by Nick Schmaltz and loses puck.
6:05 of 3rd period - Eric Wellwood is hit by Marko Dano.
6:11 of 3rd period - Devin Shore is hit by Andreas Athanasiou and loses puck.
6:21 of 3rd period - Minor Penalty to Josh Manson for Hooking.
6:22 of 3rd period - Filip Forsberg wins face-off versus Gabriel Landeskog in Bruins zone.
6:39 of 3rd period - Wrist shot by Filip Forsberg.
6:39 of 3rd period - Deflect By Teuvo Teravainen.
6:39 of 3rd period - Shot Blocked by Mattias Ekholm.
6:39 of 3rd period - Puck is out of play.
6:40 of 3rd period - Adam Henrique wins face-off versus Gabriel Landeskog in Bruins zone.
6:53 of 3rd period - Snap shot by Nikolaj Ehlers.
6:53 of 3rd period - Stopped by Kevin Poulin without a rebound.
6:54 of 3rd period - Gabriel Landeskog wins face-off versus Teuvo Teravainen in Bruins zone.
6:54 of 3rd period - Gabriel Landeskog is hit by Ethan Bear.
7:06 of 3rd period - Wrist shot by Filip Forsberg.
7:06 of 3rd period - Deflect By Nathan MacKinnon.
7:06 of 3rd period - Stopped by Kevin Poulin without a rebound.
7:07 of 3rd period - Nathan MacKinnon wins face-off versus Gabriel Landeskog in Bruins zone.
7:30 of 3rd period - Double Minor Penalty to Zack Kassian for High sticking.
7:31 of 3rd period - Gabriel Landeskog wins face-off versus Nathan MacKinnon in Bruins zone.
7:39 of 3rd period - Wrist shot by Seth Jones.
7:39 of 3rd period - Deflect By Teuvo Teravainen.
7:39 of 3rd period - Shot Misses the Net.
7:39 of 3rd period - Puck is out of play.
7:40 of 3rd period - Nathan MacKinnon wins face-off versus Gabriel Landeskog in Bruins zone.
8:03 of 3rd period - Snap shot by Nathan MacKinnon.
8:03 of 3rd period - Shot Misses the Net.
8:05 of 3rd period - Slapshot by Ethan Bear.
8:05 of 3rd period - Deflect By Madison Bowey.
8:05 of 3rd period - Stopped by Kevin Poulin with a rebound.
8:21 of 3rd period - Penalty to Josh Manson is over, Josh Manson is back on ice.
9:00 of 3rd period - Wrist shot by Nathan MacKinnon.
9:00 of 3rd period - Goal by Nathan MacKinnon - Bruins : 0 - Blues : 4.
9:01 of 3rd period - Gabriel Landeskog wins face-off versus Adam Henrique in neutral zone.
9:28 of 3rd period - Travis Sanheim is hit by Gabriel Landeskog and loses puck.
10:25 of 3rd period - Snap shot by Nick Schmaltz.
10:25 of 3rd period - Deflect By David Perron.
10:25 of 3rd period - Shot Misses the Net.
10:25 of 3rd period - Puck is out of play.
10:26 of 3rd period - Nathan MacKinnon wins face-off versus Gabriel Landeskog in Bruins zone.
10:35 of 3rd period - Travis Sanheim is hit by Josh Manson and loses puck.
11:00 of 3rd period - Penalty to Zack Kassian is over, Zack Kassian is back on ice.
11:54 of 3rd period - Slapshot by Madison Bowey.
11:54 of 3rd period - Deflect By Zack Kassian.
11:54 of 3rd period - Goal by Zack Kassian - Bruins : 1 - Blues : 4.
11:55 of 3rd period - Nathan MacKinnon wins face-off versus Jonathan Toews in neutral zone.
13:27 of 3rd period - Gabriel Landeskog is hit by Seth Jones.
13:57 of 3rd period - Devin Shore is hit by Brett Pesce.
14:01 of 3rd period - Marko Dano is hit by Andreas Athanasiou and loses puck.
14:28 of 3rd period - Jordan Kyrou is hit by Alexander Wennberg and loses puck.
16:22 of 3rd period - Brandon Montour is hit by Eric Wellwood and loses puck.
17:28 of 3rd period - Jonathan Toews is hit by Brandon Montour and loses puck.
17:49 of 3rd period - Icing by Teuvo Teravainen.
17:50 of 3rd period - John Quenneville wins face-off versus Nathan MacKinnon in Blues zone.
17:51 of 3rd period - Slapshot by Gabriel Landeskog.
17:51 of 3rd period - Stopped by Carey Price without a rebound.
17:52 of 3rd period - Nathan MacKinnon wins face-off versus John Quenneville in Blues zone.
17:52 of 3rd period - Nathan MacKinnon is hit by John Quenneville.
18:04 of 3rd period - Slapshot by Gabriel Landeskog.
18:04 of 3rd period - Shot Misses the Net.
18:18 of 3rd period - Alexander Wennberg is hit by Teuvo Teravainen and loses puck.
18:27 of 3rd period - Slapshot by Madison Bowey.
18:27 of 3rd period - Deflect By Marko Dano.
18:27 of 3rd period - Stopped by Carey Price with a rebound.
18:41 of 3rd period - Slapshot by Torey Krug.
18:41 of 3rd period - Stopped by Carey Price with a rebound.
18:45 of 3rd period - Wrist shot by Zack Kassian.
18:45 of 3rd period - Shot Blocked by Brandon Montour.
18:47 of 3rd period - Slapshot by Zack Kassian.
18:47 of 3rd period - Shot Misses the Net.
18:49 of 3rd period - Snap shot by Jonathan Toews.
18:49 of 3rd period - Stopped by Carey Price with a rebound.
19:32 of 3rd period - Wrist shot by Nathan MacKinnon.
19:32 of 3rd period - Goal by Nathan MacKinnon - Bruins : 1 - Blues : 5.
19:33 of 3rd period - Nathan MacKinnon wins face-off versus Jonathan Toews in neutral zone.
19:48 of 3rd period - Snap shot by Nikolaj Ehlers.
19:48 of 3rd period - Stopped by Kevin Poulin without a rebound.
19:49 of 3rd period - Devin Shore wins face-off versus Alexander Wennberg in Bruins zone.
19:52 of 3rd period - Snap shot by Teuvo Teravainen.
19:52 of 3rd period - Shot Misses the Net.
19:54 of 3rd period - Snap shot by Teuvo Teravainen.
19:54 of 3rd period - Goal by Teuvo Teravainen - Bruins : 1 - Blues : 6.
19:55 of 3rd period - Jonathan Toews wins face-off versus Nathan MacKinnon in neutral zone.
Goals for this period are 1 for Bruins vs 4 for Blues.
Shots for this period are 9 for Bruins vs 12 for Blues.